 Dungeon Crawl Stone Soup version 0.27-a0-1200-g94dc6ad4cf (webtiles) character file.

Game seed: 750750938781467340

0 spiderkeys the Skirmisher (level 1, -19/18 HPs)
             Began as a Merfolk Abyssal Knight on June 1, 2021.
             Was a Follower of Lugonu.
             Killed from afar by a wretched star (33 damage)
             ... with a lance of force
             ... on level 1 of the Abyss.
             The game lasted 00:01:00 (317 turns).

spiderkeys the Skirmisher (Merfolk Abyssal Knight)   Turns: 317, Time: 00:01:01

Health: -19/18     AC:  3    Str: 12    XL:     1   Next: 0%
Magic:  2/2        EV: 11    Int: 11    God:    Lugonu [*.....]
Gold:   36         SH:  0    Dex:  9    Spells: 0/0 levels left

rFire    . . .     SeeInvis .   a - +2 spear
rCold    . . .     Faith    .   (no shield)
rNeg     . . .     Spirit   .   b - +0 leather armour
rPois    .         Reflect  .   (no helmet)
rElec    .         Harm     .   (no cloak)
rCorr    .         Rampage  .   (no gloves)
Will     .....                  (no boots)
Stlth    +.........             (no amulet)
HPRegen  0.06/turn              (no ring)
MPRegen  0.08/turn              (no ring)

@: no status effects
A: (nimble swimmer 2), mertail, [clumsy 2]
a: Renounce Religion, Depart the Abyss


You were on level 1 of the Abyss.
You worshipped Lugonu.
Lugonu was aware of your devotion.
You visited 0 branches of the dungeon, and saw 0 of its levels.
You visited the Abyss 1 time.

You collected 36 gold pieces.


Innate Abilities, Weirdness & Mutations

((You are quick and stealthy near water. (Stealth+, EV+, Speed+++)))
Your lower body shifts to a powerful aquatic tail in water.
[You are very clumsy. (Dex -4)]


   Skills:
 + Level 3.2 Fighting
 + Level 3.0 Polearms
 + Level 0.6 Armour
 + Level 2.6 Dodging
 + Level 2.0 Invocations


You couldn't memorise any spells.
You didn't know any spells.
Your spell library was empty.

Inventory:

Hand Weapons
 a - a +2 spear (weapon)
Missiles
 e - 16 arrows
Armour
 b - a +0 leather armour (worn)
Potions
 c - 2 potions of degeneration {unknown}
 d - a potion of brilliance {unknown}

Dungeon Overview and Level Annotations

Branches:
Dungeon (0/15)

Altars:

♣ ♣♣♣♣♣♣ .♣.♣♣..♣.♣##
#........♣.♣
.......@!..♣
..#........♣♣♣♣♣♣♣
........x.*.♣♣.♣.♣♣
#####.............♣
....##............♣♣♣
..#. ##.............♣
. . #.............♣ .
#######.......♣
.....##... ..♣


You could see a wretched star and a small abomination.


Message History

🤖 Initializing magus.rc ...
Options error: Delay interrupt name "hungry" not recognised. (~/.crawlrc:4988) ✅ Successfully initialized magus.rc [v1.9.10] Welcome, spiderkeys the Merfolk Abyssal Knight.
It is said that the Orb of Zot exists deep within this dungeon.
Lugonu says: Depart the Abyss and spread corruption, my servant! (use the ability menu to exit the Abyss) Press ? for a list of commands and other information.
Found a corrupted altar of Lugonu.
You now have 16 gold pieces.
Found a gateway leading out of the Abyss.
You now have 23 gold pieces (gained 7).
c - an emerald potion
d - a scroll labelled DEODEHUTYF
As you read the scroll labelled DEODEHUTYF, it crumbles to dust.
It is a scroll of enchant weapon.
Your +1 spear glows red for a moment.
There is a gateway leading out of the Abyss here.
You now have 36 gold pieces (gained 13).
You are suddenly pulled into a different region of the Abyss!
Found an emerald potion and 16 arrows.
Found a corrupted altar of Lugonu.
d - a blue potion
c - 2 emerald potions (gained 1)
e - 16 arrows A tentacled starspawn comes into view.
A tentacle flies out from the starspawn's body!
A starspawn tentacle comes into view.
Tentacles burst from the starspawn's body! 2 starspawn tentacles come into view.
The starspawn tentacle grabs you.
The starspawn tentacle constricts you. 😕 HP[-3]
You take 3 damage, and now have 15/18 hp.
The starspawn tentacle's grasp on you weakens, but your attempt to escape fails.
The starspawn tentacle loses its grip on you.
The tentacle pulls you backwards!
The starspawn tentacle barely misses you.
The starspawn tentacle closely misses you.
A starspawn tentacle segment comes into view.
Unknown command. 😕 HP[+1]
f - a scroll labelled CECRIR POERU
As you read the scroll labelled CECRIR POERU, it crumbles to dust.
The scroll dissolves into smoke.
It was a scroll of fog. 😕 HP[+1]
A small abomination comes into view.
The small abomination hits you. 😮 HP[-6]
You take 6 damage, and now have 11/18 hp.
MASSIVE DAMAGE!! (PAUSE)
The small abomination closely misses you. 😮 HP[+1]
Your legs become a tail as you enter the water. 😮 HP[+1]
You see here 16 gold pieces.
Found a corrupted altar of Lugonu.
The wretched star pulses with an eldritch light!
You feel clumsy. x2
The wretched star glows turbulently.
The lance of force misses you.
The wretched star glows turbulently.
The lance of force hits you!!
Ouch! That really hurt!
You die...

Action                   || total
-------------------------++-------
  Use: Scroll            ||     2
Dodge: Dodged            ||     4

Levels and vault maps discovered:
Abyss:1:  base: Temple, base: Temple, gammafunk_corrupted_shrine

Notes
Turn   | Place    | Note
-------+----------+-------------------------------------------
     0 | Abyss:1  | spiderkeys the Merfolk Abyssal Knight began the quest for
                  | the Orb.
     0 | Abyss:1  | Reached XP level 1. HP: 18/18 MP: 2/2
     0 | Abyss:1  | magus.rc [v1.9.10]
   181 | Abyss:1  | Found a corrupted altar of Lugonu.
   232 | Abyss:1  | Noticed a tentacled starspawn
   274 | Abyss:1  | Noticed a small abomination
   293 | Abyss:1  | Noticed an ancient zyme
   307 | Abyss:1  | Found a corrupted altar of Lugonu.
   307 | Abyss:1  | Noticed a wretched star
   317 | Abyss:1  | Killed from afar by a wretched star

Vanquished Creatures (others)
  6 starspawn tentacles (Abyss:1)
6 creatures vanquished.

Table legend:
 A = Non-vault XP
 B = Vault XP
 C = Vault XP percentage of total XP
 D = Non-vault monster count
 E = Vault monster count
 F = Vault count percentage of total count
                 A         B        C        D         E       F
            +---------+---------+-------+---------+---------+-------
      Total |       0 |       0 |   N/A |       0 |       0 |  -nan
            +---------+---------+-------+---------+---------+-------
            +---------+---------+-------+---------+---------+-------

Illustrated notes

Table legend: (Time is in decaauts)
 A = Elapsed time spent in this place.
 B = Non-inter-level travel time spent in this place.
 C = Inter-level travel time spent in this place.
 D = Time resting spent in this place.
 E = Time spent auto-exploring this place.
 F = Levels seen in this place.
 G = Mean time per level.
                   A        B        C        D        E       F      G
               +--------+--------+--------+--------+--------+-----+--------+
         Total |    316 |    316 |      0 |      0 |    135 |   1 |  316.0 |
         Abyss |    316 |    316 |      0 |      0 |    135 |   1 |  316.0 |
               +--------+--------+--------+--------+--------+-----+--------+

Top non-repeatable levels by time:
 Abyss:1: 316 daAuts
